 Dungeon Crawl Stone Soup version 0.19.4-9-g45fd643 (webtiles) character file.

270 Gargoyl the Skirmisher (level 6, -1/53 HPs)
             Began as a Ghoul Abyssal Knight on Feb 20, 2017.
             Was a Believer of Lugonu.
             Slain by an ogre
             ... wielding a +0 giant club
              (15 damage)
             ... on level 3 of the Dungeon.
             The game lasted 00:06:36 (2129 turns).

Gargoyl the Skirmisher (Ghoul Abyssal Knight)       Turns: 2129, Time: 00:06:37

Health: -1/53      AC: 17    Str: 16    XL:     6   Next: 22%
Magic:  7/7        EV:  7    Int:  7    God:    Lugonu [**....]
Gold:   186        SH:  0    Dex: 10    Spells: 0 memorised, 5 levels left

rFire  . . .     SeeInvis .     a - +1 hand axe (protect)
rCold  + . .     Gourm    .     t - +0 chain mail
rNeg   + + +     Faith    .     (no shield)
rPois  ∞         Spirit   .     r - +0 helmet
rElec  .         Reflect  .     (no cloak)
rCorr  .         Harm     .     (no gloves)
MR     .....                    (no boots)
Stlth  ..........               (no amulet)
                                (no ring)
                                h - ring of stealth

@: protection aura, rotting
A: rotting body, claws 1, carnivore 3, cold resistance 1, negative energy
resistance 3, slow regeneration 1, torment resistance, unbreathing
a: Depart the Abyss, Bend Space, Renounce Religion


You were on level 3 of the Dungeon.
You worshipped Lugonu.
Lugonu was pleased with you.
You were not hungry.

You visited 1 branch of the dungeon, and saw 3 of its levels.
You visited the Abyss 1 time.

You collected 186 gold pieces.

Inventory:

Hand Weapons
 a - a +1 hand axe of protection (weapon)
 m - a +2 flail of protection
 v - a +0 war axe
Armour
 r - a +0 helmet (worn)
 t - a +0 chain mail (worn)
Jewellery
 h - a ring of stealth (left claw)
 s - a +1 ring of evasion {unknown}
Scrolls
 i - 2 scrolls of remove curse {unknown}
 o - 3 scrolls of recharging
Potions
 b - a potion of haste {unknown}
 d - a potion of berserk rage {unknown}
 e - a potion of might {unknown}
 f - a potion of agility {unknown}
 g - a potion of curing {unknown}
 k - 4 potions of heal wounds {unknown}
 l - a potion of ambrosia {unknown}
 n - a potion of mutation {unknown}
 p - a potion of lignification {unknown}
 q - a potion of cure mutation {unknown}
 w - a potion of magic {unknown}
Books
 j - a book of Cantrips

   Spells                             Type                      Level
   a - Confusing Touch                Hexes                        1
   b - Animate Skeleton               Necromancy                   1
   c - Summon Small Mammal            Summoning                    1
   d - Apportation                    Translocation                1
Comestibles
 c - a meat ration
 u - a slice of pizza
 x - 2 chunks of flesh


   Skills:
 + Level 4.4 Fighting
 + Level 3.9 Axes
 * Level 3.1 Armour
 + Level 1.1 Dodging
 * Level 2.8 Invocations


You had 5 spell levels left.
You didn't know any spells.

Dungeon Overview and Level Annotations

Branches:
Dungeon (3/15)

Altars:


Innate Abilities, Weirdness & Mutations

Your body is rotting away.
You thrive on raw meat.
You are immune to poison.
You have sharp fingernails.
You are carnivorous and can eat meat at any time.
Your flesh is cold resistant. (rC+)
You are immune to negative energy. (rN+++)
You regenerate slowly when monsters are visible.
You are immune to unholy pain and torment.
You can survive without breathing.


Message History

The ogre hits you with a giant club.
You barely miss the ogre. The ogre closely misses you.
You barely miss the ogre. The ogre completely misses you.
You slash the ogre!
Your weapon exudes an aura of protection.
The ogre is moderately wounded.
You hit the ogre but do no damage.
The ogre is moderately wounded.
The ogre hits you with a giant club!!
You closely miss the ogre.
The ogre is moderately wounded.
The ogre hits you but does no damage.
You slash the ogre!
The ogre is severely wounded.
The ogre hits you with a giant club!
* * * LOW HITPOINT WARNING * * *
You hit the ogre.
The ogre is severely wounded.
The ogre hits you with a giant club!
You die...

.# .. # .######### #
......... # ####.....# #
###........# #######
####...##.....# ##.....#
.....####.....###..###.#
..#### #.....##@.####.#
...# #.....#O.## #..#
...# ###.....## #.##
...########.<...# ##.#
...............#####..#
...########.#.........#
....## #..........#.#
.....# ##..........#.#
...#.####.)...#####...#


You could see an ogre.

Vanquished Creatures
  The ghost of Schimscham the Firebug, an amateur OpFE (D:3)
  Jessica (D:2)
  Terence (D:2)
  Robin (D:2)
  5 gnolls
  An adder (D:2)
  2 oozes (D:2)
  A worm (D:2)
  3 dart slugs
  6 bats
  15 goblins
  13 hobgoblins
  2 ball pythons (D:2)
  6 frilled lizards
  6 kobolds
  2 rats (D:2)
66 creatures vanquished.

Notes
Turn   | Place    | Note
-------+----------+-------------------------------------------
     0 | Abyss:1  | Gargoyl the Ghoul Abyssal Knight began the quest for the Orb.
     0 | Abyss:1  | Reached XP level 1. HP: 19/19 MP: 1/1
    19 | Abyss:1  | Found a shattered altar of Ashenzari.
    81 | Abyss:2  | Noticed an ice beast
    84 | Abyss:2  | Noticed a raiju
    87 | D:1      | Escaped the Abyss
   185 | D:1      | Reached XP level 2. HP: 27/27 MP: 2/2
   204 | D:1      | Reached * piety under Lugonu
   445 | D:1      | Reached XP level 3. HP: 25/33 MP: 3/3
   882 | D:1      | Reached skill level 1 in Dodging
  1032 | D:2      | Reached skill level 4 in Fighting
  1061 | D:2      | Reached XP level 4. HP: 40/40 MP: 4/4
  1121 | D:2      | Noticed Jessica
  1126 | D:2      | Killed Jessica
  1126 | D:2      | Reached XP level 5. HP: 46/46 MP: 5/5
  1214 | D:2      | Noticed Robin
  1219 | D:2      | Reached ** piety under Lugonu
  1274 | D:2      | Killed Robin
  1487 | D:2      | Noticed Terence
  1499 | D:2      | Killed Terence
  1608 | D:3      | Noticed Schimscham's ghost (amateur OpFE)
  1701 | D:3      | Killed Schimscham's ghost
  1701 | D:3      | Reached XP level 6. HP: 46/53 MP: 7/7
  2129 | D:3      | Slain by an ogre

Skill      XL: |  1  2  3  4  5 |
---------------+----------------+-----
Armour         | 2 3 |  3.1
Axes           | 2 3 |  3.9
Dodging        | 1 |  1.1
Fighting       | 4 |  4.4
Invocations    | |  2.8

Action                   |  1- 3 |  4- 6 || total
-------------------------+-------+-------++-------
Melee: Hand axe          |   110 |   115 ||   225
Invok: Depart the Abyss  |     1 |       ||     1
  Use: Scroll            |     2 |     3 ||     5
  Eat: Chunk             |     7 |    15 ||    22
Armor: Leather armour    |    23 |       ||    23
       Ring mail         |    34 |    51 ||    85
       Chain mail        |       |    13 ||    13
Dodge: Dodged            |    69 |    65 ||   134
